 Dungeon Crawl Stone Soup version 0.21.1-1-g345015fe64 (webtiles) character file.

42 Evaline the Charmwright (level 3, -1/28 HPs)
             Began as a Barachi Skald on July 5, 2018.
             Slain by a goblin
             ... wielding a +0 dagger
             ... led by Robin
              (2 damage)
             ... on level 2 of the Dungeon.
             The game lasted 00:12:14 (1740 turns).

Evaline the Charmwright (Barachi Skald)             Turns: 1740, Time: 00:12:15

Health: -1/28      AC:  3    Str: 12    XL:     3   Next: 56%
Magic:  4/6        EV: 12    Int: 13    God:
Gold:   68         SH:  0    Dex: 12    Spells: 1/7 levels left

rFire    . . .     SeeInvis .   a - +0 falchion
rCold    . . .     Gourm    .   (no shield)
rNeg     . . .     Faith    .   b - +0 leather armour
rPois    .         Spirit   .   (no helmet)
rElec    .         Reflect  .   (no cloak)
rCorr    .         Harm     .   (no gloves)
MR       .....                  (no boots)
Stlth    +.........             (no amulet)
HPRegen  0.09/turn              (no ring)
MPRegen  0.10/turn              (no ring)

@: infused, slow
A: +LOS, swims, slowness 1, strong legs 1
a: Hop


You were on level 2 of the Dungeon.
You were not hungry.

You visited 1 branch of the dungeon, and saw 2 of its levels.

You collected 68 gold pieces.

Inventory:

Hand Weapons
 a - a +0 falchion (weapon)
 j - a +0 whip
 q - a +0 spear
Missiles
 l - 8 javelins (quivered)
 p - 95 stones
Armour
 b - a +0 leather armour (worn)
 o - a +0 ring mail
Scrolls
 f - a scroll of immolation {unknown}
 g - 5 scrolls of identify {unknown}
 h - a scroll of remove curse {unknown}
 i - a scroll of noise {unknown}
 k - a scroll of amnesia {unknown}
 n - a scroll of magic mapping {unknown}
 r - a scroll of enchant weapon {unknown}
Potions
 e - a potion of curing {unknown}
 m - a potion of brilliance {unknown}
 s - 2 potions of haste {unknown}
 t - a potion of lignification {unknown}
Books
 c - a book of Battle

   Spells                             Type                      Level
   a - Infusion                       Charms                       1
   b - Shroud of Golubria             Charms/Translocation         2
   c - Song of Slaying                Charms                       2
   d - Spectral Weapon                Hexes/Charms                 3
   e - Regeneration                   Charms/Necromancy            3
Comestibles
 d - 5 rations
 u - a chunk of flesh


   Skills:
 + Level 2.7 Fighting
 * Level 3.3 Long Blades
 + Level 1.7 Armour
 + Level 2.2 Dodging
 * Level 2.6 Spellcasting
 + Level 3.6 Charms


You had one spell level left.
You knew the following spells:

 Your Spells              Type           Power        Failure   Level  Hunger
a - Infusion              Chrm           ##..         7%          1    #......
b - Shroud of Golubria    Chrm/Tloc      #.........   22%         2    ###....
c - Regeneration          Chrm/Necr      #.........   41%         3    ###....


Dungeon Overview and Level Annotations

Branches:
Dungeon (2/15)

Altars:

Annotations:
D:2 Robin


Innate Abilities, Weirdness & Mutations

Shadows flee at your approach. (+LOS)
You can swim through water.
You cover ground slowly.
You can hop short distances.


Message History

Casting: Infusion
Confirm with . or Enter, or press ? or * to list all spells.
You begin infusing your attacks with magical energy.
Robin roars a battlecry!
The goblins go into a battle-frenzy!
The goblin hits you. The goblin hits you with a club!
You closely miss the goblin.
The goblin is heavily wounded.
The goblin hits you. The goblin hits you with a club!
* * * LOW HITPOINT WARNING * * *
You barely miss the goblin.
The goblin is heavily wounded.
The goblin misses you.
You riposte.
You hit the goblin.
You kill the goblin!
The goblin hits you with a club.
* * * LOW HITPOINT WARNING * * *
You closely miss the goblin. Robin throws the goblin at you!
* * * LOW HITPOINT WARNING * * *
The goblin hits you with a dagger.
You die...

# #..# #.##########.#
######..# ##............#
.....>..#######...###########
#####..............#
#..######.#...##
#..######.##.##
#............# #.#######.##g#
#.#######.##@# #.........##g#
############.# ######### #g#
##.#.....# #.# ##.#..###.#
#.########.
#.###..##.####..........
##.#......gg...######.#.
##.#.###.###...##


You could see Robin and 2 goblins.

Vanquished Creatures
  An ooze (D:1)
  2 dart slugs (D:1)
  2 leopard geckos
  A giant cockroach (D:1)
  7 goblins
  4 hobgoblins (D:1)
  6 kobolds
  2 bats
  A frilled lizard (D:1)
  A quokka skeleton (D:2)
  4 rats
31 creatures vanquished.

Notes
Turn   | Place    | Note
-------+----------+-------------------------------------------
     0 | D:1      | Evaline the Barachi Skald began the quest for the Orb.
     0 | D:1      | Reached XP level 1. HP: 17/17 MP: 3/3
   235 | D:1      | Reached XP level 2. HP: 23/23 MP: 3/5
   725 | D:1      | Reached XP level 3. HP: 18/28 MP: 6/6
  1628 | D:2      | Learned a level 2 spell: Shroud of Golubria
  1632 | D:2      | Learned a level 3 spell: Regeneration
  1678 | D:2      | Noticed Robin
  1740 | D:2      | HP: 1/28 [Robin/goblin (1)]
  1740 | D:2      | Slain by a goblin

Skill      XL: |  1  2 |
---------------+-------+-----
Long Blades    | 3 |  3.3
Fighting       | |  2.7
Armour         | |  1.7
Dodging        | |  2.2
Spellcasting   | |  2.6
Charms         | |  3.6

Action                   || total
-------------------------++-------
Melee: Falchion          ||   102
 Cast: Infusion          ||     2
  Eat: Chunk             ||     3
Armor: Leather armour    ||    33
Dodge: Dodged            ||    56
       Rpst.: Falchion   ||    14
